 Dungeon Crawl Stone Soup version 0.25-a0-785-gb22c70e859 (webtiles) character file.

Game seed: 7886997348300427698, levelgen mode: deterministic

816 Joeren the Changer (level 7, 0/57 HPs)
             Began as a Naga Transmuter on Apr 16, 2020.
             Slain by a black bear (3 damage)
             ... on level 7 of the Dungeon on Apr 17, 2020.
             The game lasted 00:28:18 (5950 turns).

Joeren the Changer (Naga Transmuter)                Turns: 5950, Time: 00:28:19

Health: 0/57       AC:  2    Str: 12    XL:     7   Next: 94%
Magic:  14/14      EV: 19    Int: 15    God:
Gold:   123        SH:  0    Dex: 17    Spells: 10/16 levels left

rFire    x . .     SeeInvis +     - Unarmed
rCold    + . .     Gourm    .   (shield currently unavailable)
rNeg     . . .     Faith    .   (armour currently unavailable)
rPois    x         Spirit   .   (helmet currently unavailable)
rElec    .         Reflect  .   (cloak currently unavailable)
rCorr    .         Harm     .   (gloves currently unavailable)
MR       +....                  (no barding)
Stlth    ++........             (no amulet)
HPRegen  0.19/turn              m - ring of ice
MPRegen  0.14/turn              e - ring of protection from magic

@: spider-form (expiring)
A: tiny, see invisible, slow metabolism 1, spit poison 1, AC +2
a: Spit Poison, End Transformation


You were on level 7 of the Dungeon.
You were not hungry.
You were a venomous arachnid creature.
You visited 1 branch of the dungeon, and saw 7 of its levels.

You collected 123 gold pieces.

Inventory:

Hand Weapons
 a - a +0 hunting sling
Missiles
 n - 158 stones (quivered)
 r - 13 arrows
Armour
 b - a +1 robe (melded)
Jewellery
 e - a ring of protection from magic (right front leg)
 j - an uncursed ring of magical power
 m - a ring of ice (left front leg)
 o - an uncursed ring of poison resistance {unknown}
 q - an uncursed ring of fire {unknown}
 w - an uncursed ring of see invisible
Wands
 s - a wand of disintegration (12)
 v - a wand of random effects (10)
Scrolls
 c - a scroll of teleportation {unknown}
 f - 3 scrolls of remove curse
 g - 2 scrolls of amnesia
 t - a scroll of fog {unknown}
 u - a scroll of enchant weapon {unknown}
Potions
 h - a potion of heal wounds {unknown}
 l - a potion of flight
 p - a potion of magic {unknown}
Comestibles
 d - 4 rations
 k - 7 chunks of flesh


   Skills:
 - Level 1.0 Fighting
 - Level 2.0 Dodging
 - Level 0.5 Stealth
 - Level 3.0 Unarmed Combat
 + Level 5.2 Spellcasting
 * Level 6.5 Transmutations
 - Level 2.2 Poison Magic


You had 10 spell levels left.
You knew the following spells:

 Your Spells              Type           Power        Failure   Level  Hunger
a - Beastly Appendage     Tmut           ###...       5%          1    None
b - Sticks to Snakes      Tmut           ###.....     7%          2    ##.....
c - Spider Form           Tmut/Pois      ###.......   21%         3    ###....

Your spell library contained the following spells:

 Spells                   Type           Power        Failure   Level  Hunger
 Blade Hands              Tmut           ###.......   52%         5    ######.
 Ice Form                 Ice/Tmut       ###.....     61%         4    ####...


Dungeon Overview and Level Annotations

Branches:
Dungeon (7/15)
 Temple: D:4-7

Altars:
Ashenzari
Hepliaklqana
Qazlal
Ru
Sif Muna

Portals:
Bailey: D:7

Annotations:
D:6 Dowan, Duvessa


Innate Abilities, Weirdness & Mutations

You cannot wear boots.
((Your serpentine skin is tough. (AC +2)))
You have supernaturally acute eyesight. (SInv)
((Armour fits poorly on your strangely shaped body.))
((Your system is resistant to poisons. (rPois)))
((You cover ground very slowly.))
You have a slow metabolism.
You can spit poison.


Message History

The black bear bites you!
* * * LOW HITPOINT WARNING * * *
The black bear completely misses you. The black bear barely misses you.
You hit the black bear but do no damage.
The black bear is poisoned.
The black bear is moderately wounded.
The black bear bites you.
* * * LOW HITPOINT WARNING * * *
The black bear misses you. The black bear claws you.
* * * LOW HITPOINT WARNING * * *
You hit the black bear.
The black bear looks even sicker.
The black bear is severely wounded.
The black bear closely misses you.
The black bear completely misses you. x2
The black bear goes berserk!
Your transformation is almost over.
The black bear closely misses you. x2; The black bear barely misses you.
The black bear bites you!
* * * LOW HITPOINT WARNING * * *
The black bear barely misses you. The black bear claws you.
You die...

##.≈#...#)....# ..#
#..≈#####≈...## ###..
#..≈≈≈≈≈≈≈...## #...##
#.............# ##....#..#
#.###..##....####..(.....#
#.# ##.....#..##...##....
#.######...#.<##........#
#.........#...#..##....##
#######...##s.....#...##
##..#.#.h.###......#
##$..÷.#.....###...h#
#...........## ......
##..........# ....#.
#)###......#. ...#
#.Y#........... ...#
##..#...........
#.............#..


You could see a black bear (berserk).

Vanquished Creatures
  Prince Ribbit (D:7)
  An ice beast (D:7)
  An ogre (D:7)
  A bullfrog (D:7)
  2 hounds
  Crazy Yiuf (D:3)
  An orc priest (D:3)
  An orc wizard (D:3)
  Ijyb (D:3)
  Natasha (thrice) (D:3)
  A worker ant (D:3)
  7 adders
  An adder zombie (D:3)
  3 dart slugs (D:1)
  3 worms (D:2)
  A leopard gecko (D:2)
  3 orcs (D:3)
  8 bats
  3 giant cockroaches
  7 goblins
  10 hobgoblins
  7 jackals
  2 quokkas
  A ball python (D:4)
  4 frilled lizards
  4 kobolds
  7 rats
  A fungus (D:3)
86 creatures vanquished.

Vanquished Creatures (collateral kills)
  An orc (D:3)
1 creature vanquished.

Vanquished Creatures (others)
  7 toadstools (D:1)
7 creatures vanquished.

Grand Total: 94 creatures vanquished

Notes
Turn   | Place    | Note
-------+----------+-------------------------------------------
     0 | D:1      | Joeren the Naga Transmuter began the quest for the Orb.
     0 | D:1      | Reached XP level 1. HP: 18/18 MP: 3/3
    20 | D:1      | Upgraded the game from 0.25-a0-781-gc44aebf4fe to
                  | 0.25-a0-785-gb22c70e859
    80 | D:2      | Found a sacrificial altar of Ru.
   502 | D:1      | Reached XP level 2. HP: 20/25 MP: 5/5
   527 | D:1      | HP: 1/25 [adder (3)]
  1387 | D:1      | Reached XP level 3. HP: 30/31 MP: 6/6
  1774 | D:1      | Learned a level 2 spell: Sticks to Snakes
  2266 | D:2      | Reached skill level 3 in Transmutations
  2266 | D:2      | Reached XP level 4. HP: 22/38 MP: 8/8
  2429 | D:2      | Found a stormy altar of Qazlal.
  2569 | D:2      | Learned a level 3 spell: Spider Form
  2797 | D:2      | Reached skill level 1 in Poison Magic
  2810 | D:2      | Found a hazy altar of Hepliaklqana.
  3601 | D:3      | Noticed Ijyb
  3615 | D:3      | Killed Ijyb
  3615 | D:3      | Reached XP level 5. HP: 41/44 MP: 9/9
  3678 | D:3      | Noticed Natasha
  3689 | D:3      | Killed Natasha
  4006 | D:3      | Found a shattered altar of Ashenzari.
  4084 | D:3      | Found a runed translucent door.
  4085 | D:3      | Noticed Crazy Yiuf
  4096 | D:3      | Killed Crazy Yiuf
  4190 | D:3      | Reached skill level 4 in Transmutations
  4190 | D:3      | Reached XP level 6. HP: 12/51 MP: 11/11
  4217 | D:3      | HP: 2/51 [poisoned by an orc wizard]
  4802 | D:3      | Noticed Natasha
  4821 | D:3      | Killed Natasha
  5152 | D:3      | Noticed Natasha
  5158 | D:3      | Killed Natasha
  5331 | D:3      | Found a shimmering blue altar of Sif Muna.
  5566 | D:5      | Entered Level 5 of the Dungeon
  5703 | D:4      | You fall into a shaft and drop 3 floors!
  5719 | D:7      | Reached skill level 5 in Transmutations
  5730 | D:6      | Noticed Dowan
  5730 | D:6      | Noticed Duvessa
  5730 | D:6      | Noticed an ice beast
  5738 | D:7      | Noticed a black bear
  5749 | D:7      | Reached XP level 7. HP: 50/57 MP: 13/13
  5762 | D:7      | Found a flagged portal.
  5831 | D:7      | Noticed Prince Ribbit
  5853 | D:7      | Killed Prince Ribbit
  5853 | D:7      | Reached skill level 5 in Spellcasting
  5853 | D:7      | Reached skill level 6 in Transmutations
  5950 | D:7      | Slain by a black bear

Levels and vault maps discovered:
D:1:      nagdon_arrival_zigzag_paths, layout_rooms, serial_co_window_serial,
          co_window_paths_a, co_window_paths_b, co_window_paths_b,
          co_window_of_opportunity_a, co_window_cross_1, co_window_broadway_a,
          co_window_unsneaky_path_a, co_window_unsneaky_path_c,
          co_window_corner_cb, co_window_paths_e, glass_columns_a,
          glass_columns_b, glass_columns_b, glass_columns_b, glass_columns_a,
          minmay_heptomino_l4
D:2:      layout_rooms, grunt_qazlal_sundering, lemuel_doored_altar,
          overflow_temple_1_default
D:3:      layout_basic, nicolae_ashenzari_panopticon, led_sif_pool,
          first_ration, uniq_crazy_yiuf_cottage, uniq_ijyb, uniq_natasha
D:4:      layout_loops_ring, minmay_misc_feat_five
D:5:      layout_loops_ring, old_standard_altar,
          nicolae_dithmenos_shadow_blocks, uniq_eustachio, uniq_menkaure,
          uniq_grinder
D:6:      layout_rooms, makhleb_altar_promises_db, kennysheep_mini,
          nemelex_altar_shiori, lemuel_old_faithful, uniq_duvessa, uniq_sigmund
D:7:      minmay_the_grid_octo_tiled_squarecenter
          [minmay_the_grid_octo_concentric, minmay_the_grid_octo_clover,
          minmay_the_grid_octo_tetromino_candy, minmay_the_grid_octo_toaster,
          minmay_the_grid_square_5x5_megaprize_crossed,
          minmay_the_grid_square_5x5_n_small, minmay_the_grid_square_5x5_bite,
          minmay_the_grid_square_5x5_comb, minmay_the_grid_square_5x5_inner_i],
          layout_cave_pools, temple_fountains, enter_bailey_3, serial_shops,
          kennysheep_little_box, sword_in_stone, uniq_prince_ribbit1, uniq_pikel

Skill      XL: |  1  2  3  4  5  6  7 |
---------------+----------------------+-----
Dodging        | 2 |  2.0
Transmutations | 3 4 5 6 |  6.5
Spellcasting   | 3 4 5 |  5.2
Poison Magic   | 2 |  2.2
Fighting       | |  1.0
Stealth        | |  0.5
Unarmed Combat | |  3.0

Action                   |  1- 3 |  4- 6 |  7- 9 || total
-------------------------+-------+-------+-------++-------
Melee: Unarmed           |   124 |   293 |    38 ||   455
       Headbutt          |     7 |    19 |     1 ||    27
       Punch             |       |     1 |       ||     1
 Fire: Hunting sling     |       |    14 |       ||    14
Throw: Stone             |     4 |    19 |       ||    23
 Cast: Beastly Appendage |    22 |    32 |     1 ||    55
       Spider Form       |       |     9 |     4 ||    13
       Sticks to Snakes  |       |     5 |     4 ||     9
 Abil: Spit Poison       |     1 |       |       ||     1
  Use: Scroll            |       |     7 |       ||     7
       Potion            |       |     1 |     1 ||     2
 Stab: Sleeping          |     2 |       |       ||     2
  Eat: Chunk             |     3 |     8 |       ||    11
       Ration            |       |     1 |       ||     1
Armor: Robe              |    44 |    44 |       ||    88
       Skin              |       |     1 |     2 ||     3
Dodge: Dodged            |   132 |   145 |    43 ||   320

Table legend:
 A = Non-vault XP
 B = Vault XP
 C = Vault XP percentage of total XP
 D = Non-vault monster count
 E = Vault monster count
 F = Vault count percentage of total count
                 A         B        C        D         E       F
            +---------+---------+-------+---------+---------+-------
      Total |     793 |     373 |  32.0 |      75 |      11 |  12.8
            +---------+---------+-------+---------+---------+-------
        D:1 |      49 |       4 |   7.5 |      19 |       3 |  13.6
        D:2 |      79 |       0 |   0.0 |      20 |       0 |   0.0
        D:3 |     275 |     107 |  28.0 |      24 |       3 |  11.1
        D:4 |      76 |       0 |   0.0 |       8 |       0 |   0.0
        D:7 |     314 |     262 |  45.5 |       4 |       5 |  55.6
            +---------+---------+-------+---------+---------+-------
